[Event "Titled Tuesday Blitz January 10 Early 2023"]
[White "Arencibia Monduy, Antonio"]
[Black "Zhigalko, Sergei"]
[WhiteFideId "3507939"]
[BlackFideId "13502956"]
[WhiteElo "2122"]
[BlackElo "2572"]
[Result "0-1"]
[Round "01"]
[TimeControl "180+2"]
[Date "2023.01.10"]
[WhiteClock "0:00:01"]
[BlackClock "0:00:17"]

1. e4 c5 2. Nf3 Nc6 3. c3 Nf6 4. e5 Nd5 5. d4 cxd4 6. cxd4 d6 7. exd6 Qxd6 8. Be2 Bf5 9. a3 e6 10. O-O Be7 11. Nc3 O-O 12. Re1 Rfd8 13. Nxd5 Qxd5 14. Be3 Rac8 15. Rc1 h6 16. h3 a6 17. Bd3 Bxd3 18. Qxd3 Bf6 19. Qc4 Qxc4 20. Rxc4 Na5 21. Rxc8 Rxc8 22. Re2 Nb3 23. g3 a5 24. Kg2 a4 25. Ne5 b5 26. f4 Rd8 27. Kf3 Rxd4 28. Rc2 Bxe5 29. fxe5 Rd5 30. Ke4 h5 31. h4 Kh7 32. Rc7 Kg6 33. Rb7 Na5 34. Rc7 Nc4 35. Bc1 Nxe5 36. Rb7 Nd3 37. Be3 Nxb2 38. Bd4 Nc4 39. Rb8 f5+ 0-1


[Site "https://www.chess.com"]

[Event "Titled Tuesday Blitz January 10 Early 2023"]
[White "Movahed, Sina"]
[Black "Ljukin, Sergei"]
[WhiteFideId "42520835"]
[BlackFideId "14102200"]
[WhiteElo "2340"]
[BlackElo "2362"]
[Result "1-0"]
[Round "01"]
[TimeControl "180+2"]
[Date "2023.01.10"]
[WhiteClock "0:00:26"]
[BlackClock "0:00:07"]

1. e4 e6 2. d4 d5 3. e5 c5 4. c3 Nc6 5. Nf3 Qb6 6. Bd3 Bd7 7. O-O cxd4 8. cxd4 Nxd4 9. Nc3 a6 10. Re1 Ne7 11. h4 Nef5 12. h5 h6 13. Nxd4 Nxd4 14. Be3 Bc5 15. Qg4 Kf8 16. Rac1 Rc8 17. Nxd5 exd5 18. Qxd7 Rd8 19. Qg4 Ne6 20. Rxc5 Nxc5 21. b4 d4 22. Bxd4 Qxb4 23. Bxc5+ Qxc5 24. Bf5 Rd4 25. Qg3 Qd5 26. e6 Rd1 27. e7+ Ke8 28. Qb8+ 1-0


[Site "https://www.chess.com"]

[Event "Titled Tuesday Blitz January 10 Early 2023"]
[White "Carbone, Diego"]
[Black "Kozak, Adam"]
[WhiteFideId "3002179"]
[BlackFideId "753246"]
[WhiteElo "2336"]
[BlackElo "2572"]
[Result "1-0"]
[Round "01"]
[TimeControl "180+2"]
[Date "2023.01.10"]
[WhiteClock "0:02:01"]
[BlackClock "0:00:07"]

1. d4 Nf6 2. c4 g6 3. g3 c5 4. d5 e6 5. Nc3 exd5 6. cxd5 d6 7. Bg2 Bg7 8. Nf3 O-O 9. O-O Re8 10. Bf4 Ne4 11. Nxe4 Rxe4 12. Nd2 Rxf4 13. gxf4 Bxb2 14. Rb1 Bg7 15. e4 Qh4 16. e5 Qxf4 17. e6 fxe6 18. dxe6 Nc6 19. Re1 Be5 20. Nf3 Bxe6 21. Nxe5 Nxe5 22. Re4 Qf8 23. Rxb7 Bf5 24. Rxe5 dxe5 25. Qd5+ Kh8 26. Qxe5+ Kg8 27. Bd5+ Be6 28. Bxe6+ Qf7 29. Bxf7+ Kf8 30. Qh8# 1-0


[Site "https://www.chess.com"]

[Event "Titled Tuesday Blitz January 10 Early 2023"]
[White "Kukhmazov, Arsen"]
[Black "Valle Maytin, Luis Enrique"]
[WhiteFideId "24108260"]
[BlackFideId "3503666"]
[WhiteElo "2512"]
[BlackElo "2241"]
[Result "1-0"]
[Round "01"]
[TimeControl "180+2"]
[Date "2023.01.10"]
[WhiteClock "0:00:06"]
[BlackClock "0:00:04"]

1. Nf3 Nf6 2. c4 c5 3. Nc3 Nc6 4. e3 e6 5. d4 cxd4 6. exd4 d5 7. Bd3 Bb4 8. O-O O-O 9. cxd5 exd5 10. Bg5 Be6 11. Bc2 h6 12. Bh4 Be7 13. a3 g6 14. Re1 Kg7 15. Rc1 Ng8 16. Bg3 Bf6 17. Ne5 Nge7 18. Nxc6 Nxc6 19. Nb5 a6 20. Nc7 Nxd4 21. Nxa8 Qxa8 22. Bb1 Nf5 23. Be5 Qd8 24. Qd2 Bxe5 25. Rxe5 Qf6 26. f4 Nd6 27. b3 Rd8 28. g3 Rd7 29. a4 Qd8 30. Qd4 Rc7 31. Rxe6+ Kg8 32. Rxc7 Qxc7 33. Re1 Qc6 34. f5 gxf5 35. Qf2 Qd7 36. Re5 f6 37. Rxd5 Qe6 38. Qd2 Nf7 39. Bxf5 Qb6+ 40. Qd4 Qxb3 41. Rd7 Kf8 42. Qc5+ Kg7 43. Qf2 Qc3 44. h4 Kf8 45. Kh2 Ne5 46. Rd8+ Ke7 47. Rd1 Nf3+ 48. Kg2 Ne5 49. Re1 Qc6+ 50. Kh2 Kf7 51. Re4 Qc3 52. Kg2 Qc6 53. Qf4 Qc3 54. Re3 Qc6+ 55. Be4 Qd6 56. Re2 Qe6 57. Rf2 Ng4 58. Bf5 Qd5+ 59. Qf3 Nxf2 60. Qxd5+ Kg7 61. Kxf2 1-0


[Site "https://www.chess.com"]

[Event "Titled Tuesday Blitz January 10 Early 2023"]
[White "Novikov, Evgenij"]
[Black "Shimanov, Aleksandr"]
[WhiteFideId "4125380"]
[BlackFideId "4198603"]
[WhiteElo "2276"]
[BlackElo "2581"]
[Result "0-1"]
[Round "01"]
[TimeControl "180+2"]
[Date "2023.01.10"]
[WhiteClock "0:00:02"]
[BlackClock "0:00:09"]

1. d4 e6 2. Nf3 b5 3. g3 Bb7 4. Bg2 Nf6 5. b3 Be7 6. c4 a6 7. O-O O-O 8. Bb2 d6 9. Nbd2 Nbd7 10. Re1 c5 11. e3 Rc8 12. Rc1 Rc7 13. Qe2 bxc4 14. bxc4 Qa8 15. Nh4 Rfc8 16. Rc2 Nb6 17. Rec1 Na4 18. Ba1 Bxg2 19. Nxg2 h6 20. Nf4 Ne4 21. Nf3 cxd4 22. exd4 Nb6 23. h4 Nf6 24. Nd2 Bf8 25. h5 Nh7 26. Nf3 a5 27. Kh2 Qa6 28. Nd2 Ng5 29. Qd3 Qa8 30. Qe2 e5 31. dxe5 dxe5 32. Nh3 Nxh3 33. Kxh3 f6 34. Nf3 Qc6 35. Nh4 Qe6+ 36. Kh2 Rxc4 37. Rxc4 Rxc4 38. Rd1 Rc8 39. Ng6 e4 40. Rd4 Re8 41. Bc3 a4 42. Bb4 Bxb4 43. Rxb4 a3 44. Rd4 Nd5 45. Qc2 e3 46. fxe3 Nxe3 47. Qc7 Ng4+ 48. Kh3 Ne5+ 49. Kg2 Qxa2+ 50. Kh3 Nxg6 51. hxg6 Qe6+ 52. Kh2 f5 53. Rd7 Qxg6 54. Qc4+ Kh8 55. Qb3 Re2+ 56. Kg1 Qe8 57. Rb7 Re1+ 58. Kg2 Qe2+ 0-1


[Site "https://www.chess.com"]

[Event "Titled Tuesday Blitz January 10 Early 2023"]
[White "Baskakov, Egor"]
[Black "Melaugh, Shane"]
[WhiteFideId "24197866"]
[BlackFideId "2509580"]
[WhiteElo "2215"]
[BlackElo "2115"]
[Result "1-0"]
[Round "01"]
[TimeControl "180+2"]
[Date "2023.01.10"]
[WhiteClock "0:01:20"]
[BlackClock "0:00:33"]

1. e4 d6 2. g3 g6 3. Bg2 Bg7 4. Ne2 Nf6 5. O-O c5 6. d4 Nc6 7. h3 cxd4 8. Nxd4 O-O 9. Ne2 a6 10. a4 Rb8 11. Nbc3 b5 12. axb5 axb5 13. Be3 b4 14. Nd5 Bb7 15. b3 Nxd5 16. exd5 Ne5 17. Qd2 Ba8 18. Ra7 Re8 19. Nd4 Qc8 20. f4 Nd7 21. Nc6 Bxc6 22. dxc6 Nc5 23. c7 Rb6 24. Ra8 Qd7 25. Bxc5 Rxa8 26. Bxb6 Re8 27. Qxb4 e5 28. fxe5 dxe5 29. c4 e4 30. Qb5 Qe6 31. Rd1 Bf6 32. Be3 Kg7 33. Qd7 Qxd7 34. Rxd7 Rc8 35. Bxe4 Be5 36. Bb6 Kf6 37. Bd5 Bxg3 38. Rxf7+ Ke5 39. Rxh7 Kf5 40. Kg2 Be5 41. Rd7 g5 42. Rd8 Rxc7 43. Bxc7 Bxc7 44. Rd7 Be5 45. b4 1-0


[Site "https://www.chess.com"]

[Event "Titled Tuesday Blitz January 10 Early 2023"]
[White "Della Corte, Alessandro"]
[Black "Kravtsiv, Martyn"]
[WhiteFideId "813540"]
[BlackFideId "14113147"]
[WhiteElo "2160"]
[BlackElo "2598"]
[Result "0-1"]
[Round "01"]
[TimeControl "180+2"]
[Date "2023.01.10"]
[WhiteClock "0:00:58"]
[BlackClock "0:00:13"]

1. d4 d5 2. Nf3 Nf6 3. c4 e6 4. Nc3 Nbd7 5. e3 b6 6. b3 Bb7 7. Bb2 Bd6 8. Be2 O-O 9. O-O Ne4 10. Nd2 Nxc3 11. Bxc3 a5 12. cxd5 exd5 13. Nf3 Qe7 14. Rc1 Rfd8 15. Qd2 Nf6 16. Bb2 a4 17. Ne5 c5 18. f4 Ne4 19. Qc2 f6 20. Nf3 Rdc8 21. dxc5 bxc5 22. Bd3 Kh8 23. Bxe4 dxe4 24. Nd2 axb3 25. axb3 Rd8 26. Nc4 Bc7 27. Rfd1 h6 28. h3 Qe6 29. Rxd8+ Rxd8 30. Rd1 Rxd1+ 31. Qxd1 Bd5 32. Qc2 Bd8 33. Ba3 Be7 34. Nd2 Qc6 35. Nc4 Qa6 36. Bb2 Qa2 37. Kh2 Bd8 38. Qc3 Qb1 39. Qc1 Qd3 40. Qc3 Qd1 41. Nd6 Bb6 42. b4 Qd3 43. bxc5 Qxc3 44. Bxc3 Bxc5 45. Nf5 Be6 46. Nd4 Bc4 47. Kg3 Kg8 48. Kf2 Kf7 49. g4 g6 50. h4 Bd5 51. g5 fxg5 52. fxg5 hxg5 53. hxg5 Be7 54. Ne2 Bxg5 55. Be5 Bc4 56. Nc3 Bd3 57. Kg3 Ke6 58. Bf4 Bf6 59. Kg4 Bxc3 60. Bg5 Be5 61. Bf4 Bf6 62. Bg3 Be2+ 63. Kf4 Be5+ 64. Kg5 Bxg3 65. Kxg6 Bf2 66. Kg5 Bxe3+ 67. Kh4 Ke5 68. Kg3 Bb6 69. Kh4 Bb5 70. Kg3 Kd4 71. Kf2 Kd3+ 72. Ke1 Ba5+ 73. Kd1 e3 74. Kc1 Bc3 75. Kb1 e2 76. Ka2 Bc4+ 77. Ka3 e1=R 78. Ka4 Ra1# 0-1


[Site "https://www.chess.com"]

[Event "Titled Tuesday Blitz January 10 Early 2023"]
[White "Svane, Frederik"]
[Black "Estrada Nieto, Julian"]
[WhiteFideId "12923044"]
[BlackFideId "5101018"]
[WhiteElo "2600"]
[BlackElo "2215"]
[Result "1-0"]
[Round "01"]
[TimeControl "180+2"]
[Date "2023.01.10"]
[WhiteClock "0:00:18"]
[BlackClock "0:00:07"]

1. e4 e5 2. Nf3 Nc6 3. Bb5 a6 4. Ba4 Nf6 5. O-O Be7 6. d3 b5 7. Bb3 d6 8. a3 O-O 9. Nc3 Bg4 10. Be3 Nd4 11. Bxd4 exd4 12. Nd5 Nd7 13. h3 Bxf3 14. Qxf3 c6 15. Nxe7+ Qxe7 16. Qg3 Kh8 17. f4 a5 18. Qf2 Qf6 19. Rae1 Rfe8 20. Qg3 Qg6 21. Qf2 Qf6 22. g4 Nc5 23. g5 Qe7 24. Qxd4 Nxb3 25. cxb3 Qe6 26. f5 Qxb3 27. Rf3 c5 28. Qf2 Re5 29. d4 Qxf3 30. Qxf3 cxd4 31. Rd1 Rc8 32. Rxd4 Rc1+ 33. Rd1 Rc6 34. Kg2 Kg8 35. Kg3 Kf8 36. Kf4 Ke7 37. Rd5 Rxd5 38. exd5 Rc4+ 39. Kg3 Rc5 40. f6+ Kf8 41. fxg7+ Kg8 42. Kg4 a4 43. Kh5 Rc4 44. Qg3 Kxg7 45. Qxd6 Rc2 46. Qe5+ Kg8 47. d6 Rd2 48. d7 1-0


[Site "https://www.chess.com"]

[Event "Titled Tuesday Blitz January 10 Early 2023"]
[White "Heinemann, Josefine"]
[Black "Ter-Sahakyan, Samvel"]
[WhiteFideId "12900460"]
[BlackFideId "13302531"]
[WhiteElo "2289"]
[BlackElo "2617"]
[Result "0-1"]
[Round "01"]
[TimeControl "180+2"]
[Date "2023.01.10"]
[WhiteClock "0:00:14"]
[BlackClock "0:00:32"]

1. e4 c6 2. d4 d5 3. Nd2 dxe4 4. Nxe4 Bf5 5. Ng3 Bg6 6. h4 h6 7. Nf3 e6 8. h5 Bh7 9. Bd3 Bxd3 10. Qxd3 Nf6 11. Bd2 Qb6 12. O-O-O Qa6 13. Qxa6 Nxa6 14. c4 Nb8 15. Ne5 Nbd7 16. f3 a5 17. a3 Be7 18. Bc3 a4 19. Nf1 Rc8 20. Ne3 b5 21. g4 bxc4 22. N3xc4 Nd5 23. Nxd7 Kxd7 24. Kc2 Bd6 25. Rhe1 Bc7 26. Bb4 Rb8 27. Bc5 Rb3 28. Rd3 Rhb8 29. Red1 R3b5 30. Re1 f6 31. Rb1 Rb3 32. Nd2 Rxd3 33. Kxd3 Bf4 34. b4 Bxd2 35. Kxd2 Nc7 36. Kd3 Nb5 37. Ra1 e5 38. dxe5 fxe5 39. Ke4 Ke6 40. Rd1 Nc3+ 0-1


[Site "https://www.chess.com"]

[Event "Titled Tuesday Blitz January 10 Early 2023"]
[White "Durarbayli, Vasif"]
[Black "Mesic, Ismet"]
[WhiteFideId "13402935"]
[BlackFideId "14411105"]
[WhiteElo "2627"]
[BlackElo "2190"]
[Result "1-0"]
[Round "01"]
[TimeControl "180+2"]
[Date "2023.01.10"]
[WhiteClock "0:00:37"]
[BlackClock "0:01:03"]

1. e4 c6 2. d4 d5 3. exd5 cxd5 4. c4 Nf6 5. Nc3 Nc6 6. Nf3 Bg4 7. cxd5 Nxd5 8. Qb3 Bxf3 9. gxf3 e6 10. Qxb7 Nxd4 11. Bb5+ Nxb5 12. Qc6+ Ke7 13. Qc5+ Nd6 14. Nxd5+ exd5 15. O-O Rc8 16. Qxd5 Kd7 17. Rd1 Kc7 18. Bf4 Qf6 19. Rac1+ Kd7 20. Qb5+ 1-0


[Site "https://www.chess.com"]

[Event "Titled Tuesday Blitz January 10 Early 2023"]
[White "Peatman, Carter"]
[Black "Ohanyan, Emin"]
[WhiteFideId "2096480"]
[BlackFideId "13312022"]
[WhiteElo "1998"]
[BlackElo "2444"]
[Result "0-1"]
[Round "01"]
[TimeControl "180+2"]
[Date "2023.01.10"]
[WhiteClock "0:00:02"]
[BlackClock "0:01:02"]

1. d4 Nf6 2. Bf4 d5 3. e3 c6 4. c4 g6 5. Nc3 Bg7 6. Nf3 O-O 7. Qb3 a6 8. a4 e6 9. Bd3 Nbd7 10. O-O b6 11. Rfd1 Bb7 12. c5 b5 13. axb5 axb5 14. Na2 Qa5 15. Rdc1 Ra7 16. Qd1 Rfa8 17. Nd2 Ne8 18. Nb3 Qd8 19. Nb4 e5 20. Bg3 Ra4 21. Qd2 f5 22. h3 Nef6 23. dxe5 Ne4 24. Bxe4 fxe4 25. e6 Nf8 26. Rxa4 bxa4 27. Nd4 Qe8 28. Bd6 Nxe6 29. Nxe6 Qxe6 30. Nc2 Bxb2 31. Rb1 a3 32. Nd4 Qf7 33. Kh2 Qd7 34. Nc2 Ba6 35. Qb4 Bd3 36. Qb3 Bxc2 37. Qxc2 Qb7 38. Be5 Bxe5+ 39. f4 exf3+ 40. g3 Qxb1 41. Qxb1 a2 0-1


[Site "https://www.chess.com"]

[Event "Titled Tuesday Blitz January 10 Early 2023"]
[White "Alexakis, Dimitris"]
[Black "Shohat, Yotam"]
[WhiteFideId "4277023"]
[BlackFideId "2813955"]
[WhiteElo "2436"]
[BlackElo "2346"]
[Result "1-0"]
[Round "01"]
[TimeControl "180+2"]
[Date "2023.01.10"]
[WhiteClock "0:01:06"]
[BlackClock "0:00:02"]

1. g3 e5 2. Bg2 d5 3. d3 c6 4. Nf3 Bd6 5. e4 Nf6 6. Bg5 Nbd7 7. O-O O-O 8. Re1 h6 9. Bxf6 Nxf6 10. c3 Re8 11. Nbd2 a5 12. a4 Bc7 13. Qc2 Be6 14. Rad1 Qb8 15. Nh4 g6 16. d4 dxe4 17. Nxe4 Nxe4 18. Bxe4 exd4 19. Bxg6 Be5 20. cxd4 Bf6 21. Bh7+ Kh8 22. Nf3 Bd5 23. Be4 Qd6 24. Kg2 Rxe4 25. Rxe4 Rg8 26. Rde1 Rg6 27. Kf1 Kg7 28. Rf4 Qd7 29. Qf5 Qd6 30. Ne5 Bxe5 31. Qxe5+ Qxe5 32. Rxe5 Rd6 33. Re7 1-0


[Site "https://www.chess.com"]

[Event "Titled Tuesday Blitz January 10 Early 2023"]
[White "Begunov, Konstantin"]
[Black "Rozman, Levy"]
[WhiteFideId "4118510"]
[BlackFideId "2039877"]
[WhiteElo "2325"]
[BlackElo "2322"]
[Result "1-0"]
[Round "01"]
[TimeControl "180+2"]
[Date "2023.01.10"]
[WhiteClock "0:02:26"]
[BlackClock "0:02:29"]

1. d4 g6 2. c4 Bg7 3. Nc3 c5 4. Nf3 cxd4 5. Nxd4 Nc6 6. e3 Nf6 7. Be2 O-O 8. O-O d5 9. cxd5 Nxd5 10. Nxd5 Qxd5 11. Bf3 Qc5 12. Nxc6 bxc6 13. Qa4 Rd8 14. Qxc6 Qxc6 15. Bxc6 Rb8 16. Ba4 1-0


[Site "https://www.chess.com"]

[Event "Titled Tuesday Blitz January 10 Early 2023"]
[White "Vakhlamov, Igor L."]
[Black "Erzhanov, Arman"]
[WhiteFideId "24126748"]
[BlackFideId "4138821"]
[WhiteElo "2413"]
[BlackElo "2228"]
[Result "1-0"]
[Round "01"]
[TimeControl "180+2"]
[Date "2023.01.10"]
[WhiteClock "0:00:37"]
[BlackClock "0:00:01"]

1. e4 d6 2. d4 Nf6 3. Nc3 e5 4. dxe5 dxe5 5. Qxd8+ Kxd8 6. Bg5 c6 7. Nf3 Bd6 8. O-O-O Ke7 9. Bc4 Bc7 10. a4 Nd7 11. Bh4 a5 12. Rd2 Nc5 13. Re1 Bg4 14. Ng5 Ne6 15. f3 Nxg5 16. Bxg5 Be6 17. Bxe6 Kxe6 18. Be3 Rhd8 19. Red1 Rxd2 20. Rxd2 Nd7 21. Kd1 f6 22. Ke2 Bd6 23. Rd1 Bb4 24. Nb1 Be7 25. Nd2 b5 26. Ra1 Bc5 27. Nb3 Bxe3 28. Kxe3 b4 29. Rd1 g6 30. g3 Ra7 31. f4 Ke7 32. h4 h5 33. Kf3 Ke6 34. Ke3 Ke7 35. Rd2 Ke6 36. Rd3 Ke7 37. Kf3 Ke6 38. Rd1 Ke7 39. Ke2 Ke6 40. Kd3 Ke7 41. c3 Ra8 42. cxb4 axb4 43. a5 Rb8 44. Kc4 exf4 45. gxf4 g5 46. hxg5 fxg5 47. fxg5 Ne5+ 48. Kc5 h4 49. a6 h3 50. a7 Ra8 51. Kb6 h2 52. Kb7 1-0


[Site "https://www.chess.com"]

[Event "Titled Tuesday Blitz January 10 Early 2023"]
[White "Degenbaev, Aziz"]
[Black "Indjic, Aleksandar"]
[WhiteFideId "13802640"]
[BlackFideId "911925"]
[WhiteElo "2203"]
[BlackElo "2618"]
[Result "0-1"]
[Round "01"]
[TimeControl "180+2"]
[Date "2023.01.10"]
[WhiteClock "0:01:14"]
[BlackClock "0:00:43"]

1. e4 c6 2. d4 d5 3. e5 Bf5 4. Nd2 e6 5. Nb3 h6 6. Nf3 c5 7. dxc5 Bxc5 8. Nxc5 Qa5+ 9. c3 Qxc5 10. Be3 Qc7 11. Be2 Ne7 12. O-O O-O 13. Rc1 Rd8 14. Qb3 Nbc6 15. c4 d4 16. Bf4 d3 17. Bd1 Ng6 18. Bg3 Rd7 19. Qc3 Rad8 20. Qd2 Nd4 21. Nxd4 Rxd4 22. b3 Qc6 23. Re1 Be4 24. f3 Bf5 25. Bf2 R4d7 26. b4 Ne7 27. b5 Qc7 28. Ba4 Bg6 29. b6 axb6 30. Bxd7 Rxd7 31. Rc3 Nc6 32. Rb1 Nxe5 33. Bxb6 Qc6 34. c5 Qxf3 35. Rf1 Qc6 36. Ra3 Kh7 37. Ra8 f6 38. h3 Nc4 39. Qf4 Nxb6 40. cxb6 Qxb6+ 41. Kh1 d2 42. Qb8 Bf7 43. Qh8+ Kg6 0-1


[Site "https://www.chess.com"]

[Event "Titled Tuesday Blitz January 10 Early 2023"]
[White "Stribuk, Artiom"]
[Black "Manukian, Artak"]
[WhiteFideId "13515659"]
[BlackFideId "13301373"]
[WhiteElo "2378"]
[BlackElo "2196"]
[Result "1-0"]
[Round "01"]
[TimeControl "180+2"]
[Date "2023.01.10"]
[WhiteClock "0:00:27"]
[BlackClock "0:00:48"]

1. d4 d5 2. c4 dxc4 3. e3 e5 4. Bxc4 exd4 5. exd4 Nf6 6. Qb3 Qe7+ 7. Ne2 Qb4+ 8. Nbc3 Qxb3 9. Bxb3 Nc6 10. Bf4 Na5 11. Bc2 c6 12. O-O Be7 13. b3 O-O 14. Ng3 Be6 15. Nf5 Bxf5 16. Bxf5 b6 17. Rac1 Rad8 18. Rfd1 Bd6 19. Bg5 Rfe8 20. Kf1 Be7 21. Be3 g6 22. Bd3 Nd5 23. Nxd5 Rxd5 24. Be4 Rd6 25. Bf4 Re6 26. Bf3 Ba3 27. Rc2 Bb4 28. g3 Re1+ 29. Rxe1 Rxe1+ 30. Kg2 Ra1 31. h4 h5 32. d5 cxd5 33. Bxd5 Rd1 34. Rc8+ Kh7 35. Be5 g5 36. Be4+ 1-0


[Site "https://www.chess.com"]

[Event "Titled Tuesday Blitz January 10 Early 2023"]
[White "Chernomordik, Pavel"]
[Black "Kobalia, Mikhail"]
[WhiteFideId "2804530"]
[BlackFideId "4119150"]
[WhiteElo "2150"]
[BlackElo "2578"]
[Result "0-1"]
[Round "01"]
[TimeControl "180+2"]
[Date "2023.01.10"]
[WhiteClock "0:00:06"]
[BlackClock "0:00:35"]

1. e4 c5 2. Nc3 e6 3. f4 Nc6 4. Nf3 d6 5. g3 g6 6. Bg2 Bg7 7. d3 Nge7 8. O-O O-O 9. Be3 Nd4 10. Ne1 Rb8 11. Qd2 b5 12. Nd1 b4 13. c3 bxc3 14. bxc3 Qa5 15. Rc1 Ndc6 16. g4 d5 17. Qf2 d4 18. cxd4 cxd4 19. Bd2 Qxa2 20. e5 Bd7 21. Nf3 Qa3 22. Nxd4 Nxd4 23. Qxd4 Rfd8 24. Nf2 Bc6 25. Qc3 Qxc3 26. Bxc3 Bxg2 27. Kxg2 Nd5 28. Bd2 Rb2 29. Ne4 f5 30. exf6 Nxf6 31. Nxf6+ Bxf6 32. Rf2 Bh4 33. Re2 Rxd3 34. Rc8+ Kf7 35. Rc7+ Kf8 36. Bb4+ Rxb4 37. Rxe6 Rb2+ 0-1


[Site "https://www.chess.com"]

[Event "Titled Tuesday Blitz January 10 Early 2023"]
[White "Ozen, Bahadir"]
[Black "Kupervaser, Erez"]
[WhiteFideId "6337058"]
[BlackFideId "2814587"]
[WhiteElo "2369"]
[BlackElo "2269"]
[Result "1-0"]
[Round "01"]
[TimeControl "180+2"]
[Date "2023.01.10"]
[WhiteClock "0:00:55"]
[BlackClock "0:00:17"]

1. g3 d5 2. Nf3 Nc6 3. Bg2 Bf5 4. d3 e5 5. O-O h5 6. e4 dxe4 7. dxe4 Bg4 8. c3 Qxd1 9. Rxd1 Nf6 10. h3 Be6 11. Ng5 Bd7 12. Be3 h4 13. Nd2 hxg3 14. fxg3 Nh7 15. Ngf3 f6 16. Nh4 Kf7 17. Bf1 g6 18. Bc4+ Kg7 19. Bf1 Be6 20. b4 a6 21. a4 Ng5 22. Bxg5 fxg5 23. Nhf3 g4 24. Ng5 Nd8 25. Nc4 Bxc4 26. Bxc4 Be7 27. Rd7 Re8 28. h4 Kh6 29. Nf7+ Kg7 30. Nxe5 Kh6 31. Nxg4+ Kh5 32. Nf2 g5 33. hxg5 Bxg5 34. Kg2 Nc6 35. Rh1+ Kg6 36. Bf7+ Kf6 37. Ng4+ Kg7 38. Bxe8+ 1-0


[Site "https://www.chess.com"]

[Event "Titled Tuesday Blitz January 10 Early 2023"]
[White "Avazkhonov, Alikhon"]
[Black "Kosakowski, Jakub"]
[WhiteFideId "14208504"]
[BlackFideId "1185080"]
[WhiteElo "1538"]
[BlackElo "2485"]
[Result "0-1"]
[Round "01"]
[TimeControl "180+2"]
[Date "2023.01.10"]
[WhiteClock "0:00:03"]
[BlackClock "0:01:35"]

1. d4 Nf6 2. c4 g6 3. Nc3 d5 4. cxd5 Nxd5 5. e4 Nxc3 6. bxc3 Bg7 7. Bc4 c5 8. Ne2 Nc6 9. Be3 O-O 10. O-O Qc7 11. dxc5 Ne5 12. Bd5 Ng4 13. Bf4 Qxc5 14. h3 Ne5 15. Rb1 Rd8 16. Bxe5 Bxe5 17. Bxf7+ Kxf7 18. Qxd8 b6 19. Qd5+ Qxd5 20. exd5 Ba6 21. Rfe1 Rd8 22. Rbd1 Bc4 23. Nd4 Rxd5 24. Nc6 Bf6 25. Rxd5 Bxd5 26. Nxa7 Bxa2 27. Ra1 Bc4 28. Rb1 Bd3 29. Rxb6 Bxc3 30. Rb3 Bd4 31. Nc6 Bc4 32. Rf3+ Bf6 33. Nd4 Kg7 34. Nc6 Bd5 35. Rxf6 Kxf6 36. Nd4 e5 37. Ne2 g5 38. f3 h5 39. Kf2 Bc6 40. Nc3 Kf5 41. g4+ Kg6 42. Ke3 h4 43. Ne4 Bb5 44. Nc5 Bf1 45. Nd3 Kf6 46. Nf2 Bg2 47. Ke2 Ke7 48. Ke3 Kf7 49. Ke4 Ke6 50. Ke3 Kd5 51. Kd3 Bxf3 52. Ke3 Bg2 53. Ke2 Kd4 54. Kd2 e4 55. Ke2 e3 56. Nd1 Bxh3 57. Nxe3 Ke4 58. Kf2 Kf4 59. Nd5+ Kxg4 60. Nf6+ Kf5 61. Nh5 Bg4 62. Ng7+ Kf4 63. Ne8 Bf5 64. Nd6 g4 65. Kg2 Be4+ 66. Kf2 h3 67. Kg1 g3 68. Nc4 h2+ 69. Kf1 h1=Q+ 70. Ke2 Qf3+ 71. Ke1 Qf2+ 72. Kd1 Qc2+ 73. Ke1 g2 0-1


[Site "https://www.chess.com"]

[Event "Titled Tuesday Blitz January 10 Early 2023"]
[White "Harsha Bharathakoti"]
[Black "Martin Duque, Jesus"]
[WhiteFideId "5078776"]
[BlackFideId "2208954"]
[WhiteElo "2602"]
[BlackElo "2386"]
[Result "0-1"]
[Round "01"]
[TimeControl "180+2"]
[Date "2023.01.10"]
[WhiteClock "0:00:04"]
[BlackClock "0:01:56"]

1. e4 c5 2. Nc3 b6 3. Nf3 Bb7 4. d4 cxd4 5. Nxd4 a6 6. g3 e6 7. Bg2 Nf6 8. O-O Qc7 9. Re1 d6 10. Nd5 exd5 11. exd5+ Kd8 12. c4 Nbd7 13. Nc6+ Bxc6 14. dxc6 Nc5 15. b4 Ne6 16. c5 bxc5 17. bxc5 Nxc5 18. Ba3 Ne6 19. Rb1 d5 20. Bxd5 Bxa3 21. Bxe6+ Qd6 22. Qf3 fxe6 23. c7+ Ke7 24. Rbd1 Qc5 25. Qb3 Rhe8 26. Rxe6+ Kf8 0-1


[Site "https://www.chess.com"]

[Event "Titled Tuesday Blitz January 10 Early 2023"]
[White "Guliev, Logman"]
[Black "Bacrot, Etienne"]
[WhiteFideId "13400061"]
[BlackFideId "605506"]
[WhiteElo "2250"]
[BlackElo "2667"]
[Result "0-1"]
[Round "01"]
[TimeControl "180+2"]
[Date "2023.01.10"]
[WhiteClock "0:00:02"]
[BlackClock "0:00:02"]

1. e4 c5 2. Nf3 Nc6 3. d4 cxd4 4. Nxd4 Nf6 5. Nc3 d6 6. Bg5 e6 7. Qd2 a6 8. O-O-O Bd7 9. f3 Nxd4 10. Qxd4 Be7 11. Be3 h5 12. h4 Qc7 13. Bg5 b5 14. Kb1 Rb8 15. Bxf6 gxf6 16. Qd2 a5 17. Ne2 b4 18. Nd4 a4 19. Be2 Bf8 20. f4 Bg7 21. Bf3 Ke7 22. Rhe1 Qc5 23. g3 Rb6 24. Qd3 Bc8 25. Qd2 Ba6 26. Be2 Bb7 27. Bf3 f5 28. e5 Bxf3 29. Nxf3 d5 30. Qd4 Rc8 31. Qxc5+ Rxc5 32. Nd4 Bf8 33. Rd3 Kd7 34. Red1 Rc7 35. Nf3 Bc5 36. Ng5 Ke7 37. Nh7 Rc8 38. Nf6 Rh8 39. c3 Rb7 40. cxb4 Bxb4 41. Rc1 Ba5 0-1


[Site "https://www.chess.com"]

[Event "Titled Tuesday Blitz January 10 Early 2023"]
[White "Nogerbek, Kazybek"]
[Black "Namitbir Singh Walia"]
[WhiteFideId "13710427"]
[BlackFideId "35071068"]
[WhiteElo "2474"]
[BlackElo "2364"]
[Result "0-1"]
[Round "01"]
[TimeControl "180+2"]
[Date "2023.01.10"]
[WhiteClock "0:00:01"]
[BlackClock "0:00:12"]

1. d4 Nf6 2. Nf3 c5 3. d5 d6 4. c4 g6 5. Nc3 Bg7 6. e4 O-O 7. h3 e6 8. Bd3 Na6 9. O-O e5 10. Be3 h6 11. a3 Nh5 12. Be2 Nf4 13. Nh2 Nxe2+ 14. Qxe2 f5 15. exf5 gxf5 16. f4 Bd7 17. Rae1 Qe7 18. Qd2 e4 19. Rf2 Rae8 20. Kh1 Nc7 21. g4 b5 22. Rg1 Kh8 23. Rfg2 Rg8 24. Qe2 b4 25. Nd1 bxa3 26. bxa3 Rb8 27. g5 Qf7 28. Bd2 Rb3 29. Rg3 Rxg3 30. Rxg3 Bd4 31. Bc3 hxg5 32. Qd2 Qf6 33. fxg5 Qe5 34. Rg1 f4 35. Ng4 Bxg4 36. Rxg4 e3 37. Qe1 Rg7 0-1


[Site "https://www.chess.com"]

[Event "Titled Tuesday Blitz January 10 Early 2023"]
[White "Bon, Michael"]
[Black "Harsh Suresh"]
[WhiteFideId "620696"]
[BlackFideId "45018464"]
[WhiteElo "2394"]
[BlackElo "2298"]
[Result "0-1"]
[Round "01"]
[TimeControl "180+2"]
[Date "2023.01.10"]
[WhiteClock "0:00:02"]
[BlackClock "0:00:59"]

1. e4 c5 2. Nf3 g6 3. d4 cxd4 4. Nxd4 Nc6 5. c4 Nf6 6. Nc3 d6 7. Nc2 Bg7 8. Be2 O-O 9. O-O a5 10. Be3 a4 11. Na3 Qa5 12. Nab5 Be6 13. Rc1 Rfc8 14. Nd5 Nd7 15. Bd2 Qd8 16. Bc3 Nc5 17. Bxg7 Kxg7 18. Nbc3 Qa5 19. f4 f6 20. f5 Bxd5 21. Nxd5 Nxe4 22. Kh1 Qc5 23. Qe1 Qd4 24. Rd1 Qe5 25. Qh4 g5 26. Qh5 Qxb2 27. Rde1 Ne5 28. Bf3 Nf2+ 29. Kg1 Nfd3 30. Re2 Qd4+ 31. Kh1 Nf4 32. Nxf4 Qxf4 33. Bxb7 Qxf1# 0-1


[Site "https://www.chess.com"]